 Dungeon Crawl Stone Soup version 0.30-a0-760-g5a9884bb7c (webtiles) character file.

Game seed: 11877449808124701629

60 holysushi the Insei (level 3, -1/22 HPs)
             Began as a Vampire Monk on Feb 11, 2023.
             Killed by divine providence
             ... invoked by an orc priest
              (9 damage)
             ... on level 2 of the Dungeon.
             The game lasted 00:02:10 (2120 turns).

holysushi the Insei (Vampire Monk)                  Turns: 2120, Time: 00:02:10

Health: -1/22      AC:  0    Str:  8 (10) XL:     3   Next: 82%
Magic:  3/3        EV: 21    Int: 11 (12) God:
Gold:   139        SH:  0    Dex: 21 (23) Spells: 2/2 levels left

rFire   . . .      SeeInvis +      - Unarmed
rCold   + + .      Faith    .    (shield currently unavailable)
rNeg    + + +      Spirit   .    (body armour currently unavailable)
rPois   ∞          Reflect  .    (helmet currently unavailable)
rElec   .          Harm     .    (cloak currently unavailable)
rCorr   .          Rampage  .    (gloves currently unavailable)
Will    .....                    (boots currently unavailable)
Stlth   +++++                    (no amulet)
HPRegen 0.00/turn                (ring currently unavailable)
MPRegen 0.08/turn                (ring currently unavailable)

@: bat-form, flying, bloodless, inhibited regen, very quick
A: fast, flying, no casting, tiny, bloodless, fangs 3, see invisible, vampiric 2
a: Revivify, End Transformation


You were on level 2 of the Dungeon.
You were a vampire bat.
You visited 1 branch of the dungeon, and saw 2 of its levels.

You collected 139 gold pieces.

Inventory:

Armour
 a - a +0 robe (melded)
Jewellery
 d - a +6 ring of dexterity (melded)
Wands
 m - a wand of paralysis (12)
Scrolls
 c - 2 scrolls of identify {unknown}
 f - a scroll of blinking {unknown}
 g - a scroll of poison {unknown}
 l - a scroll of enchant weapon {unknown}
Potions
 b - 3 potions of ambrosia
 e - 2 potions of curing {unknown}
 h - a potion of degeneration {unknown}
 i - 2 potions of attraction {unknown}
 j - a potion of lignification {unknown}
 k - 2 potions of heal wounds {unknown}


   Skills:
 - Level 2.6 Fighting
 - Level 3.2 Dodging
 - Level 3.0 Stealth
 + Level 5.3 Unarmed Combat


You had 2 spell levels left.
You didn't know any spells.
Your spell library contained the following spells:

 Spells                   Type           Power      Damage    Failure   Level
 Foxfire                  Conj/Fire      0%         2x1d4     34%         1
 Portal Projectile        Hex/Tloc       0%         N/A       71%         3
 Tukima's Dance           Hex            0%         N/A       71%         3
 Blade Hands              Tmut           0%         N/A       100%        5
 Fireball                 Conj/Fire      0%         3d3       100%        5
 Starburst                Conj/Fire      0%         6d3       100%        6


Dungeon Overview and Level Annotations

Branches:
Dungeon (2/15) Zot: 10334

Altars:
Uskayaw


Innate Abilities, Weirdness & Mutations

You are a vampire bat.
You are tiny and dextrous.
You move quickly.
You are flying.
You are immune to poison.
Your equipment is almost entirely melded.
You are incapable of wielding weapons or throwing items.
You cannot cast spells.
You do not regenerate when monsters are visible.
You are frail without blood (-20% HP).
You can heal yourself when you bite living creatures.
You are immune to poison.
You have razor-sharp teeth.
You have supernaturally acute eyesight. (SInv)
You are afflicted with vampirism and can become a bat while bloodless.


Message History

The orc is heavily wounded.
You completely miss the orc.
The orc is heavily wounded.
The orc completely misses you.
You barely miss the orc.
The orc is heavily wounded.
The orc completely misses you.
You barely miss the orc.
The orc is heavily wounded.
The orc barely misses you.
You hit the orc but do no damage.
The orc is heavily wounded.
The orc closely misses you.
You hit the orc but do no damage.
The orc is heavily wounded.
The orc completely misses you.
You hit the orc.
The orc is almost dead.
The orc misses you.
You hit the orc but do no damage. You bite the orc, but do no damage.
The orc is almost dead.
The orc hits you with a +0 short sword.
You hit the orc but do no damage.
The orc is severely wounded.
The orc barely misses you.
You hit the orc but do no damage. You bite the orc.
You kill the orc!
Things that are here:
a +0 short sword; a +0 scale mail You start resting.
HP restored.
You see here 2 javelins.
There is a stone staircase leading down here.
You fly downwards.
The orc priest invokes the aid of Beogh against you.
Beogh smites you!
Ouch! That really hurt!
The orc priest invokes the aid of Beogh against you.
Beogh smites you!
You die...

..÷...⌠.# #.~..o.# #......
......~.###......##########......
......P.....⌠.............#......
......~~~⌠~⌠.....########.#......
.................'...# #.#......
.................###.# #.#.#+###
.............#.#o..#.# #.#.#.#
.............#.#)#.#.# #.#.#.#
.............#.#b#.#.####.#.#.###
.................................
##.#####.#####...#.#.####.#.#.###
... #.#.........#........#.###
########.#..................#....
#.....#.#..................#####
##.....#.##.........#####'#......
.......'.#..............#.#######
##.....###.##.#########.#.# #


You could see an orc priest.

Vanquished Creatures
  An adder (D:2)
  2 orcs
  5 ball pythons
  7 endoplasms
  3 giant cockroaches (D:1)
  6 goblins (D:1)
  4 hobgoblins (D:1)
  5 kobolds
  2 quokkas
  5 bats
  2 frilled lizards (D:1)
  A rat (D:1)
43 creatures vanquished.

Vanquished Creatures (others)
  6 fungi (D:2)
  6 plants (D:2)
12 creatures vanquished.

Grand Total: 55 creatures vanquished

Notes
Turn   | Place    | Note
-------+----------+-------------------------------------------
     0 | D:1      | holysushi the Vampire Monk began the quest for the Orb.
     0 | D:1      | Reached XP level 1. HP: 17/17 MP: 1/1
   106 | D:1      | Reached skill level 4 in Unarmed Combat
   106 | D:1      | Reached XP level 2. HP: 23/23 MP: 2/2
   430 | D:1      | Gained mutation: You are afflicted with vampirism and can
                  | become a bat while bloodless. [Vampire growth]
   430 | D:1      | Reached XP level 3. HP: 23/28 MP: 3/3
   920 | D:1      | Found a hide-covered altar of Uskayaw.
   957 | D:2      | Reached skill level 5 in Unarmed Combat
  2120 | D:2      | Killed from afar by an orc priest

Illustrated notes

Levels and vault maps discovered:
D:1:      dpeg_arrival_water_altar, layout_basic, minmay_box_of_dots
D:2:      layout_basic, shapermc_ecumenical_altar_acropolis, due_unseen_surprise

Skill      XL: |  1  2  3 |
---------------+----------+-----
Unarmed Combat | 4 5 |  5.3
Fighting       | |  2.6
Dodging        | |  3.2
Stealth        | |  3.0

Action                     || total
---------------------------++-------
  Melee: Unarmed           ||   143
         Bite              ||    16
         Punch             ||     4
Ability: Bat Form          ||     1
         Exsanguinate      ||     1
    Use: Scroll            ||     2
   Stab: Sleeping          ||    17
         Distracted        ||     1
 Armour: Robe              ||     6
  Dodge: Dodged            ||    88

Table legend: (Time is in decaauts)
 A = Elapsed time spent in this place.
 B = Non-inter-level travel time spent in this place.
 C = Inter-level travel time spent in this place.
 D = Time resting spent in this place.
 E = Time spent auto-exploring this place.
 F = Levels seen in this place.
 G = Mean time per level.
                   A        B        C        D        E       F      G
               +--------+--------+--------+--------+--------+-----+--------+
         Total |   1664 |   1655 |      9 |    415 |    867 |   2 |  832.0 |
       Dungeon |   1664 |   1655 |      9 |    415 |    867 |   2 |  832.0 |
               +--------+--------+--------+--------+--------+-----+--------+

Top non-repeatable levels by time:
     D:1: 917 daAuts
     D:2: 746 daAuts
